 Dungeon Crawl Stone Soup version 0.30.1 (webtiles) character file.

Game seed: 4684457548291201178

12105 Peloso the Carver (level 11, -6/151 HPs)
             Began as a Minotaur Fighter on July 13, 2023.
             Was a Follower of Okawaru.
             Mangled by Fannar
             ... wielding a staff of cold
              (9 damage)
             ... on level 10 of the Dungeon.
             The game lasted 00:21:55 (10081 turns).

Peloso the Carver (Minotaur Fighter)               Turns: 10081, Time: 00:21:55

Health: -6/151     AC: 17    Str: 27    XL:     11   Next: 58%
Magic:  10/10      EV:  9    Int:  5    God:    Okawaru [*.....]
Gold:   652        SH: 17    Dex: 16    Spells: 10/10 levels left

rFire   . . .        a - +1 long sword
rCold   . . .        d - +0 tower shield
rNeg    + . .        A - +0 plate armour
rPois   .            (helmet restricted)
rElec   .            (no cloak)
rCorr   .            n - +1 pair of gloves of Moral Flaws {rN+ Str+5 Dex+3}
SInv    .            (no boots)
Will    .....        (no amulet) Stlth
                     (no ring)
HPRegen 0.45/turn    (no ring)
MPRegen 0.12/turn

%: no passive effects
@: berserking, very quick
A: horns 2, retaliatory headbutt
a: Renounce Religion, Heroism


You were on level 10 of the Dungeon.
You worshipped Okawaru.
Okawaru was aware of your devotion.
You visited 2 branches of the dungeon, and saw 11 of its levels.
You also visited: Bailey.

You collected 652 gold pieces.

Inventory:

Hand Weapons
 a - a +1 long sword (weapon)
 b - a +0 short sword of flaming
Armour
 c - +0 steam dragon scales
 d - a +0 tower shield (worn)
 n - the +1 pair of gloves of Moral Flaws (worn) {rN+ Str+5 Dex+3}
   (You found it on level 2 of the Dungeon)

   Str:       It affects your strength (+5).
   Dex:       It affects your dexterity (+3).
   rN:        It protects you from negative energy.
 A - a +0 plate armour (worn)
Jewellery
 x - a ring of wizardry
Wands
 p - a wand of charming (12)
 y - a wand of light (10)
Scrolls
 e - 6 scrolls of fear
 f - 4 scrolls of blinking
 g - 2 scrolls of poison
 h - 2 scrolls of noise
 m - 8 scrolls of enchant weapon
 o - 2 scrolls of immolation
 r - 10 scrolls of enchant armour
 t - a scroll of amnesia
 v - 2 scrolls of teleportation
 w - a scroll of butterflies
Potions
 i - 5 potions of heal wounds
 k - a potion of flight
 l - a potion of berserk rage
 s - 2 potions of resistance
 u - a potion of haste
 z - 2 potions of might
 B - 3 potions of magic {unknown}
 C - 2 potions of mutation {unknown}
 D - 2 potions of invisibility {unknown}
 E - 4 potions of curing
Miscellaneous
 q - a condenser vane


   Skills:
 + Level 10.3 Fighting
 + Level 13.1 Long Blades
 + Level 10.6 Armour
 + Level 6.4 Dodging
 + Level 1.1 Stealth
 + Level 10.8 Shields
 + Level 0.4 Invocations
 + Level 0.7 Evocations


You had 10 spell levels left.
You didn't know any spells.
Your spell library contained the following spells:

 Spells                   Type           Power      Damage    Failure   Level
 Magic Dart               Conj           0%         1d3       100%        1
 Ensorcelled Hibernation  Hex/Ice        0%         N/A       100%        2
 Lesser Beckoning         Tloc           0%         N/A       100%        2
 Passwall                 Tmut/Erth      0%         N/A       100%        2
 Gell's Gravitas          Tloc           0%         N/A       100%        3
 Mephitic Cloud           Conj/Pois/Air  0%         N/A       100%        3
 Swiftness                Air            0%         N/A       100%        3
 Teleport Other           Tloc           0%         N/A       100%        3
 Call Imp                 Summ           Unusable   N/A       N/A         2

Dungeon Overview and Level Annotations

Branches:
Dungeon (10/15)            Temple (1/1) D:7            Lair (0/5) D:9
 Bailey (visited)
    Orc: D:9-12

Altars:
Ashenzari
Cheibriados
Dithmenos
Elyvilon
Fedhas
Gozag
Hepliaklqana
Kikubaaqudgha
Makhleb
Nemelex Xobeh
Okawaru
Qazlal
Ru
Sif Muna
Trog
Uskayaw
Vehumet
Wu Jian
Xom
Yredelemnul
Zin
The Shining One

Portals:
Trove: D:10 (give +3 fire dragon scales)

Annotations:
D:3 3 runed translucent doors, ripuliukko's ghost, amateur DEEE
D:6 3 runed translucent doors, Graphine's ghost, novice KoBr
D:8 3 runed translucent doors
D:10 Fannar


Innate Abilities, Weirdness & Mutations

You have a pair of horns on your head.
You reflexively headbutt those who attack you in melee.


Message History

You slash Fannar!
Fannar is lightly wounded.
Fannar casts a spell.
Fannar drains the heat from the surrounding environment!
You hear an angry buzzing noise.
You slash Fannar!
Fannar is moderately wounded.
Fannar hits you with a staff of cold. Fannar freezes you.
You hit Fannar but do no damage. Your headbutt misses Fannar.
Fannar is moderately wounded.
A killer bee comes into view.
Fannar hits you with a staff of cold. Fannar freezes you.
The killer bee moves out of view.
You miss Fannar.
Fannar is moderately wounded.
Fannar hits you with a staff of cold. Fannar freezes you!
You slash Fannar! Your headbutt misses Fannar.
Fannar is moderately wounded.
Fannar mumbles some strange words.
Fannar drains the heat from the surrounding environment!
* * * LOW HITPOINT WARNING * * *
You hear an angry buzzing noise.
A red film seems to cover your vision as you go berserk!
You feel yourself moving faster!
You feel mighty! You block Fannar's attack.
You closely miss Fannar.
Fannar is moderately wounded.
Fannar casts a spell at you. The bolt of cold hits you!!
* * * LOW HITPOINT WARNING * * *
You slash Fannar! Your headbutt misses Fannar.
Fannar is heavily wounded.
You barely miss Fannar.
Fannar is heavily wounded.
You block Fannar's attack.
You closely miss Fannar.
Fannar is heavily wounded.
You block the killer bee's attack.
The killer bee stings you but does no damage.
Fannar hits you but does no damage. Fannar freezes you!
You die...

#.# #.# #.#
###########.#
#......#....#
#....#....#
#[...#....########
#)........'.......
#..@##....##########
#..>.)ye................
######.#################
.. ###


You could see Fannar and a killer bee.

Vanquished Creatures
  A boulder beetle (D:8)
  2 two-headed ogres
  An orc knight (Bailey)
  Pikel (D:6)
  Sigmund (D:3)
  A vampire (D:9)
  11 yaks (D:8)
  2 steam dragons
  2 acid dragons (D:10)
  3 sky beasts
  9 orc warriors
  2 black bears
  An ice beast (D:7)
  An ogre (D:7)
  A centaur (D:9)
  A lemure (D:6)
  2 phantoms
  3 kobold brigands (D:7)
  2 bullfrogs
  A scorpion (D:4)
  9 killer bees
  2 howler monkeys (D:10)
  2 jellies (D:5)
  5 orc priests
  3 hounds
  2 sleepcaps
  11 orc wizards
  3 iguanas
  13 adders
  A shadow imp (D:7)
  A worm (D:2)
  3 dart slugs
  61 orcs
  6 ball pythons
  6 bats
  9 endoplasms
  7 giant cockroaches
  8 goblins
  5 hobgoblins
  20 kobolds
  2 quokkas
  2 frilled lizards
  3 rats
232 creatures vanquished.

Notes
Turn   | Place    | Note
-------+----------+-------------------------------------------
     0 | D:1      | Peloso the Minotaur Fighter began the quest for the Orb.
     0 | D:1      | Reached XP level 1. HP: 19/19 MP: 0/0
   439 | D:1      | Reached XP level 2. HP: 27/27 MP: 1/1
   908 | D:2      | Identified the +1 pair of gloves of Moral Flaws {rN+ Str+5
                  | Dex+3}
   951 | D:2      | Reached XP level 3. HP: 34/34 MP: 2/2
  1287 | D:2      | Reached skill level 3 in Long Blades
  1863 | D:2      | Reached XP level 4. HP: 39/41 MP: 3/3
  2089 | D:3      | Noticed Sigmund
  2257 | D:4      | Noticed a scorpion
  2275 | D:4      | Killed a scorpion
  2276 | D:4      | Reached skill level 4 in Long Blades
  2276 | D:4      | Reached XP level 5. HP: 20/47 MP: 4/4
  2423 | D:4      | Found a burning altar of Makhleb.
  2710 | D:4      | Noticed a black bear
  2712 | D:4      | Found an ornate altar of the Wu Jian Council.
  2713 | D:4      | Noticed a phantom
  2717 | D:4      | Killed a black bear
  2718 | D:4      | Reached skill level 5 in Long Blades
  2718 | D:4      | Reached skill level 5 in Armour
  2718 | D:4      | Reached XP level 6. HP: 55/55 MP: 5/5
  2729 | D:4      | Reached skill level 5 in Fighting
  3205 | D:3      | Killed Sigmund
  3206 | D:3      | Reached skill level 6 in Long Blades
  3206 | D:3      | Reached skill level 1 in Dodging
  3206 | D:3      | Reached XP level 7. HP: 44/61 MP: 6/6
  3598 | D:3      | Found a runed translucent gate.
  3598 | D:3      | Noticed ripuliukko's ghost (amateur DEEE)
  3599 | D:3      | Found a runed translucent gate.
  3599 | D:3      | Identified the +2 scale mail of the Special People {Str+5}
  3600 | D:3      | Found a runed translucent gate.
  3748 | D:5      | Entered Level 5 of the Dungeon
  4031 | D:5      | Reached skill level 5 in Shields
  4118 | D:5      | Found a sacrificial altar of Ru.
  4150 | D:5      | Reached skill level 7 in Long Blades
  4667 | D:5      | Reached XP level 8. HP: 67/69 MP: 7/7
  4842 | D:6      | Noticed Pikel
  4879 | D:6      | Killed Pikel
  4880 | D:6      | Reached skill level 8 in Long Blades
  5232 | D:6      | Found a basalt altar of Yredelemnul.
  5546 | D:6      | Found a runed translucent gate.
  5546 | D:6      | Found a runed translucent gate.
  5546 | D:6      | Found a runed translucent gate.
  5552 | D:6      | Noticed Graphine's ghost (novice KoBr)
  5837 | D:7      | Reached skill level 9 in Long Blades
  5956 | D:7      | You fall into a shaft and drop 3 floors!
  5956 | D:10     | Entered Level 10 of the Dungeon
  5962 | D:10     | Found an ancient bone altar of Kikubaaqudgha.
  5967 | D:10     | Found a portal to a secret trove of treasure.
  5983 | D:10     | Reached XP level 9. HP: 53/78 MP: 8/8
  6235 | D:9      | Found a stormy altar of Qazlal.
  6358 | D:8      | Found a glowing silver altar of Zin.
  6366 | D:8      | Noticed a two-headed ogre
  6375 | D:8      | Killed a two-headed ogre
  6376 | D:8      | Reached skill level 10 in Long Blades
  6377 | D:8      | Found a runed translucent gate.
  6377 | D:8      | Found a runed translucent gate.
  6377 | D:8      | Found a runed translucent gate.
  6384 | D:8      | Found a blossoming altar of Fedhas.
  6430 | D:8      | Reached skill level 1 in Stealth
  6458 | D:8      | Found a flagged portal.
  6476 | Bailey   | Entered a bailey
  6687 | Bailey   | Reached skill level 11 in Long Blades
  6830 | Bailey   | Reached skill level 12 in Long Blades
  6830 | Bailey   | Reached skill level 10 in Armour
  6830 | Bailey   | Reached XP level 10. HP: 91/91 MP: 9/9
  6845 | Bailey   | Noticed an orc knight
  6900 | Bailey   | Killed an orc knight
  7031 | Bailey   | Reached XP level 11. HP: 97/97 MP: 10/10
  7367 | D:7      | Found a bloodstained altar of Trog.
  7676 | D:7      | Found a staircase to the Ecumenical Temple.
  7705 | Temple   | Entered the Ecumenical Temple
  7721 | Temple   | Became a worshipper of Warmaster Okawaru
  8017 | D:8      | Noticed a green ugly thing
  8017 | D:8      | Noticed a glowing orange brain
  8017 | D:8      | Noticed a red ugly thing
  8017 | D:8      | Noticed a purple ugly thing
  8017 | D:8      | Noticed a white ugly thing
  8122 | D:8      | Found an opulent altar of Gozag.
  8160 | D:8      | Reached skill level 10 in Fighting
  8254 | D:8      | Noticed a boulder beetle
  8273 | D:8      | Killed a boulder beetle
  8273 | D:8      | Reached * piety under Okawaru
  8274 | D:8      | Reached skill level 10 in Shields
  9041 | D:9      | Found a hazy altar of Hepliaklqana.
  9075 | D:9      | Found a staircase to the Lair.
  9127 | D:9      | Found a sparkling altar of Nemelex Xobeh.
  9429 | D:9      | Found a glowing golden altar of the Shining One.
  9429 | D:9      | Noticed a two-headed ogre
  9436 | D:9      | Killed a two-headed ogre
  9437 | D:9      | Reached skill level 13 in Long Blades
 10057 | D:10     | Noticed Fannar
 10078 | D:10     | HP: 2/151 [Fannar/bolt of cold (34)]
 10081 | D:10     | Mangled by Fannar

Illustrated notes

Levels and vault maps discovered:
D:1:      lightli_arrival_isolated_outpost, layout_basic, feat_on_display
D:2:      layout_basic
D:3:      minmay_spotlight, layout_basic, biasface_ghost_orc_armoury,
          corexii_leaking_fountain, uniq_sigmund
D:4:      layout_basic, mainiacjoe_overflow_catwalk,
          nicolae_wu_jian_glorious_leap
D:5:      layout_rooms, nicolae_ru_sacrificial_ziggurat, minmay_fountain_box
D:6:      layout_basic, mainiacjoe_overflow_six_doors_small,
          gammafunk_ghost_necromancy, uniq_pikel
D:7:      layout_basic, mainiacjoe_overflow_boulevard,
          minmay_temple_entry_butterflies
D:8:      layout_basic, fedhas_ov_isle_minmay, overflow_temple_1_default,
          nicolae_gozag_seed_capital, enter_bailey_2,
          ploomutoo_gammafunk_ghost_potion_laboratory, minmay_three_doors
D:9:      layout_roguey, nemelex_diamond_rough_becter,
          nicolae_qazlal_style_of_elements, mainiacjoe_overflow_big_doors,
          dpeg_oklobed_lair
D:10:     layout_basic, nicolae_kikubaaqudgha_miasma_corner, david_orc_3,
          enter_trove_1, uniq_joseph, uniq_fannar
Temple:   hellmonk_temple_rainy

Skill      XL: |  1  2  3  4  5  6  7  8  9 10 11 |
---------------+----------------------------------+-----
Shields        | 4 5 6 9 10 | 10.8
Fighting       | 4 5 6 9 10 | 10.3
Armour         | 4 5 6 7 10 | 10.6
Long Blades    | 3 4 5 6 7 9 12 13 | 13.1
Dodging        | 1 2 3 6 |  6.4
Stealth        | 1 |  1.1
Invocations    | |  0.4
Evocations     | |  0.7

Action                     |  1- 3 |  4- 6 |  7- 9 | 10-12 || total
---------------------------+-------+-------+-------+-------++-------
  Melee: Long sword        |    68 |   106 |   255 |   283 ||   712
         Headbutt          |     9 |    10 |    59 |    69 ||   147
 Invoke: Heroism           |       |       |       |     2 ||     2
  Evoke: Wand              |       |     1 |       |     7 ||     8
    Use: Potion            |     2 |     1 |     2 |     3 ||     8
         Scroll            |     5 |     1 |     9 |     1 ||    16
 Armour: Scale mail        |    18 |    53 |    61 |       ||   132
         Plate armour      |       |       |    35 |    86 ||   121
  Dodge: Dodged            |    26 |    63 |   107 |    54 ||   250
  Block: Buckler           |    12 |    30 |    50 |       ||    92
         Tower shield      |       |       |   112 |   205 ||   317
